 Dungeon Crawl Stone Soup version 0.29-a0-234-g0dae59b3db (webtiles) character file.

Game seed: 13856528861611203731

38 sammy202020 the Skirmisher (level 3, 0/29 HPs)
             Began as a Demonspawn Berserker on Mar 2, 2022.
             Was a Follower of Trog.
             Slain by a gnoll
             ... wielding a +2 vorpal flail
              (10 damage)
             ... on level 2 of the Dungeon.
             The game lasted 00:01:50 (1392 turns).

sammy202020 the Skirmisher (Demonspawn Berserker)   Turns: 1392, Time: 00:01:51

Health: 0/29       AC:  2    Str: 19    XL:     3   Next: 25%
Magic:  3/3        EV: 12    Int:  8    God:    Trog [*.....]
Gold:   50         SH:  0    Dex: 12    Spells: 2/2 levels left

rFire   . . .      SeeInvis .   a - +0 hand axe
rCold   + . .      Faith    .   (no shield)
rNeg    . . .      Spirit   .   b - +0 animal skin
rPois   .          Reflect  .   (no helmet)
rElec   .          Harm     .   (no cloak)
rCorr   .          Rampage  .   (no gloves)
Will    .....                   (no boots)
Stlth   +.........              (no amulet)
HPRegen 0.09/turn               l - ring of protection from cold
MPRegen 0.08/turn               (no ring)

@: no status effects
A: demonic guardian 1
a: Renounce Religion, Berserk


You were on level 2 of the Dungeon.
You worshipped Trog.
Trog was aware of your devotion.
You visited 1 branch of the dungeon, and saw 2 of its levels.

You collected 50 gold pieces.

Inventory:

Hand Weapons
 a - a +0 hand axe (weapon)
Missiles
 i - 6 atropa-tipped darts (quivered)
 j - 2 poisoned darts
Armour
 b - a +0 animal skin (worn)
Jewellery
 l - a ring of protection from cold (left hand)
Wands
 n - a wand of digging (5)
Scrolls
 c - a scroll of torment {unknown}
 e - 3 scrolls of identify {unknown}
 k - 2 scrolls of enchant armour {unknown}
 m - a scroll of blinking {unknown}
 p - a scroll of brand weapon {unknown}
 q - a scroll of magic mapping {unknown}
Potions
 d - a potion of berserk rage {unknown}
 f - a potion of attraction {unknown}
 g - a potion of haste {unknown}
 h - 2 potions of degeneration {unknown}
 o - a potion of flight {unknown}
 r - a potion of brilliance {unknown}
 s - a potion of mutation {unknown}


   Skills:
 + Level 3.3 Fighting
 + Level 3.0 Axes
 + Level 2.2 Armour
 + Level 2.3 Dodging


You had 2 spell levels left.
You didn't know any spells.
Your spell library was empty.

Dungeon Overview and Level Annotations

Branches:
Dungeon (2/15)

Altars:


Innate Abilities, Weirdness & Mutations

A weak demonic guardian rushes to your aid.


Message History

No target in view!
No target in view!
No target in view!
No target in view!
No target in view!
No target in view! 2 gnolls come into view.
A gnoll is wielding a +2 vorpal flail.
The gnoll shouts!
You hear a shout!
The gnoll shouts!
A gnoll comes into view. It is wielding a +0 whip.
There are monsters nearby!
The gnoll closely misses you.
You hit the gnoll. You punch the gnoll, but do no damage.
The gnoll is moderately wounded.
The gnoll hits you with a +0 club.
You hit the gnoll but do no damage.
The gnoll is moderately wounded.
The gnoll barely misses you.
You hit the gnoll.
The gnoll is heavily wounded.
You hit the gnoll.
The gnoll is almost dead.
You hit the gnoll but do no damage.
The gnoll hits you with a +2 vorpal flail!
The gnoll hits you with a +0 whip.
A demonic guardian appears!
You are too injured to fight recklessly!
You are too injured to fight recklessly!
You are too injured to fight recklessly!
You are too injured to fight recklessly!
You are too injured to fight recklessly!
You are too injured to fight recklessly!
You are too injured to fight recklessly!
You are too injured to fight recklessly!
You are too injured to fight recklessly!
You are too injured to fight recklessly!
You are too injured to fight recklessly!
Unknown command.
An adder comes into view.
The adder hisses angrily.
The gnoll hits you with a +2 vorpal flail!
You die...

........# ........# .#
........####### .# .
............... ..# ..
........###### ..#.#
#.#####......#####....
..# ######....#gg# .##
####5.g# .#### #.@##
....############.#
###..........###.# #
##########.....#####
###.........
#.##...... ##.# ......
### #######..# S.....
..#####........# .....


You could see 3 gnolls, an adder and a friendly white imp (summoned).

Vanquished Creatures
  2 dart slugs (D:1)
  3 endoplasms (D:1)
  2 hobgoblins (D:1)
  2 jackals (D:2)
  4 kobolds (D:1)
  3 quokkas (D:1)
  A bat (D:1)
  2 frilled lizards
  2 goblins
  2 rats
23 creatures vanquished.

Vanquished Creatures (collateral kills)
  An adder (D:2)
1 creature vanquished.

Vanquished Creatures (others)
  9 plants (D:1)
9 creatures vanquished.

Grand Total: 33 creatures vanquished

Notes
Turn   | Place    | Note
-------+----------+-------------------------------------------
     0 | D:1      | sammy202020 the Demonspawn Berserker began the quest for
                  | the Orb.
     0 | D:1      | Reached XP level 1. HP: 18/18 MP: 1/1
   247 | D:1      | Gained mutation: A weak demonic guardian rushes to your
                  | aid. [demonic ancestry]
   247 | D:1      | Reached XP level 2. HP: 18/24 MP: 2/2
   320 | D:1      | Found a faded altar of an unknown god.
  1029 | D:2      | Reached XP level 3. HP: 9/29 MP: 3/3
  1037 | D:2      | HP: 2/43 [poisoned by an adder]
  1392 | D:2      | Slain by a gnoll

Illustrated notes

Levels and vault maps discovered:
D:1:      co_arrival_square_in_a_square_in_a_square, layout_rooms,
          basic_ecumenical_altar, serial_forest, infiniplex_forest_clump_curved,
          infiniplex_forest_clump_medium, infiniplex_forest_clump_medium,
          infiniplex_forest_lined_3, infiniplex_forest_lined_4_way,
          infiniplex_forest_clump_small
D:2:      layout_rooms, corexii_corridor_pit

Skill      XL: |  1  2 |
---------------+-------+-----
Armour         | 2 |  2.2
Dodging        | 2 |  2.3
Axes           | 3 |  3.0
Fighting       | |  3.3

Action                   || total
-------------------------++-------
Melee: Hand axe          ||    61
       Punch             ||     2
Invok: Berserk           ||     1
 Stab: Sleeping          ||     2
Armor: Animal skin       ||    10
Dodge: Dodged            ||    44

Table legend: (Time is in decaauts)
 A = Elapsed time spent in this place.
 B = Non-inter-level travel time spent in this place.
 C = Inter-level travel time spent in this place.
 D = Time resting spent in this place.
 E = Time spent auto-exploring this place.
 F = Levels seen in this place.
 G = Mean time per level.
                   A        B        C        D        E       F      G
               +--------+--------+--------+--------+--------+-----+--------+
         Total |   1404 |   1368 |     36 |    300 |    880 |   2 |  702.0 |
       Dungeon |   1404 |   1368 |     36 |    300 |    880 |   2 |  702.0 |
               +--------+--------+--------+--------+--------+-----+--------+

Top non-repeatable levels by time:
     D:1: 880 daAuts
     D:2: 524 daAuts
